 Dungeon Crawl Stone Soup version 0.29-a0-187-ga23d9638d5 (webtiles) character file.

Game seed: 13202775180568210084

88 Crownlay the Chiller (level 4, 0/32 HPs)
             Began as a Gnoll Ice Elementalist on Feb 21, 2022.
             Killed from afar by a white imp (9 damage)
             ... with a puff of frost
             ... on level 3 of the Dungeon.
             The game lasted 00:07:22 (2490 turns).

Crownlay the Chiller (Gnoll Ice Elementalist)       Turns: 2490, Time: 00:07:22

Health: 0/32       AC:  2    Str:  7    XL:     4   Next: 53%
Magic:  7/11       EV: 13    Int: 17    God:
Gold:   85         SH:  0    Dex: 12    Spells: 6/13 levels left

rFire   . . .      SeeInvis .   c - +0 hunting sling
rCold   . . .      Faith    .   (no shield)
rNeg    . . .      Spirit   .   a - +0 robe
rPois   .          Reflect  .   (no helmet)
rElec   .          Harm     .   (no cloak)
rCorr   .          Rampage  .   (no gloves)
Will    .....                   (no boots)
Stlth   ++........              (no amulet)
HPRegen 0.10/turn               e - ring of flight
MPRegen 0.12/turn               (no ring)

@: freezing walls, flying
A: fangs 1, strong nose, distributed training
a: no special abilities


You were on level 3 of the Dungeon.
You visited 1 branch of the dungeon, and saw 3 of its levels.

You collected 85 gold pieces.

Inventory:

Hand Weapons
 c - a +0 hunting sling (weapon)
Missiles
 d - 30 stones
Armour
 a - a +0 robe (worn)
Magical Staves
 b - a staff of conjuration
Jewellery
 e - a ring of flight (left hand)
 q - a ring of fire
Wands
 l - a wand of flame (18)
 n - a wand of iceblast (8)
 r - a wand of digging (6)
Scrolls
 g - a scroll of blinking {unknown}
 h - a scroll of silence {unknown}
 i - a scroll of torment {unknown}
 m - 2 scrolls of magic mapping {unknown}
 o - a scroll of vulnerability {unknown}
 s - a scroll of identify {unknown}
Potions
 f - 2 potions of curing {unknown}
 j - 3 potions of heal wounds {unknown}
 k - a potion of ambrosia {unknown}
 p - a potion of flight {unknown}


   Skills:
 + Level 1.2 Fighting
 + Level 1.2 Short Blades
 + Level 1.2 Long Blades
 + Level 1.2 Axes
 + Level 1.2 Maces & Flails
 + Level 1.2 Polearms
 + Level 1.2 Staves
 + Level 1.2 Slings
 + Level 1.2 Bows
 + Level 1.2 Crossbows
 + Level 1.2 Throwing
 + Level 1.2 Armour
 + Level 4.6 Dodging
 + Level 4.3 Stealth
 + Level 1.2 Shields
 + Level 1.2 Unarmed Combat
 + Level 5.1 Spellcasting
 + Level 1.0 Conjurations
 + Level 1.0 Hexes
 + Level 1.0 Summonings
 + Level 1.0 Necromancy
 + Level 1.0 Translocations
 + Level 1.0 Transmutations
 + Level 1.0 Fire Magic
 + Level 7.1 Ice Magic
 + Level 1.0 Air Magic
 + Level 1.0 Earth Magic
 + Level 1.0 Poison Magic
 + Level 1.3 Invocations
 + Level 1.2 Evocations


You had 6 spell levels left.
You knew the following spells:

 Your Spells              Type           Power      Damage    Failure   Level
a - Freeze                Ice            100%       1d11      1%          1
b - Frozen Ramparts       Ice            56%        1d7       2%          3
c - Ozocubu's Armour      Ice            28%        N/A       2%          3

Your spell library contained the following spells:

 Spells                   Type           Power      Damage    Failure   Level
 Hailstorm                Conj/Ice       18%        3d6       26%         4


Dungeon Overview and Level Annotations

Branches:
Dungeon (3/15)

Altars:

Shops:
D:2 (*


Innate Abilities, Weirdness & Mutations

You have very sharp teeth.
Your uncanny sense of smell can sniff out nearby items.
Your experience applies equally to all skills.


Message History

You kill the kobold!
The white imp closely misses you.
Your Conjurations skill increases to level 1!
Your Hexes skill increases to level 1!
Your Summonings skill increases to level 1!
Your Necromancy skill increases to level 1!
Your Translocations skill increases to level 1!
Your Transmutations skill increases to level 1!
Your Fire Magic skill increases to level 1!
Your Air Magic skill increases to level 1!
Your Earth Magic skill increases to level 1!
Your Poison Magic skill increases to level 1!
You shoot a sling bullet.
The sling bullet barely misses the white imp.
The white imp gestures at you. The puff of frost hits you!
* * * LOW HITPOINT WARNING * * *
The white imp gestures at you. The puff of frost misses you.
You are too injured to fight recklessly!
Casting: Frozen Ramparts (dangerous; 2% risk of failure)
Confirm with . or Enter, or press ? or * to list all spells.
Casting: Frozen Ramparts (dangerous; 2% risk of failure)
Press: ? - help, Dir - look around, f - activate The walls around you are covered in ice.
The white imp completely resists.
The wall freezes the white imp but does no damage.
The white imp closely misses you.
Okay, then.
Casting: Frozen Ramparts (dangerous; 2% risk of failure)
Confirm with . or Enter, or press ? or * to list all spells.
Aiming: Freeze (safe; 1% risk of failure)
Press: ? - help, Shift-Dir - straight line, f - white imp
Aim: a white imp (severely wounded)
You freeze the white imp but do no damage.
The white imp completely resists.
The white imp resists.
The wall freezes the white imp.
The white imp gestures at you. The puff of frost hits you!
You die...

.......
.....
...>. ...
.). #.#
#5# ##@#
..#.###..#
∆
........#
#..####.#
#..# #.# #
>. #..#
#.# ....
#..####.#
##..
##...#..#
##.#
#......##


You could see a white imp.

Vanquished Creatures
  Jessica (D:3)
  2 adders (D:2)
  2 worms (D:2)
  3 ball pythons (D:1)
  2 bats
  2 endoplasms (D:2)
  A giant cockroach (D:1)
  3 goblins
  2 hobgoblins (D:1)
  4 kobolds
  3 quokkas
  8 frilled lizards
  6 rats
39 creatures vanquished.

Vanquished Creatures (others)
  3 plants (D:1)
3 creatures vanquished.

Grand Total: 42 creatures vanquished

Notes
Turn   | Place    | Note
-------+----------+-------------------------------------------
     0 | D:1      | Crownlay the Gnoll Ice Elementalist began the quest for the
                  | Orb.
     0 | D:1      | Reached XP level 1. HP: 13/13 MP: 6/6
   457 | D:1      | Reached XP level 2. HP: 19/19 MP: 5/7
   878 | D:1      | Found a faded altar of an unknown god.
  1386 | D:2      | Reached skill level 5 in Spellcasting
  1386 | D:2      | Reached XP level 3. HP: 20/25 MP: 6/9
  1390 | D:2      | Learned a level 3 spell: Frozen Ramparts
  1394 | D:2      | Learned a level 3 spell: Ozocubu's Armour
  1523 | D:2      | Found Zouzien's General Store.
  1690 | D:2      | Reached skill level 1 in Invocations
  1754 | D:2      | Found Tagun's Weapon Shop.
  1784 | D:2      | Reached skill level 1 in Fighting
  1784 | D:2      | Reached skill level 1 in Short Blades
  1784 | D:2      | Reached skill level 1 in Long Blades
  1784 | D:2      | Reached skill level 1 in Axes
  1784 | D:2      | Reached skill level 1 in Maces & Flails
  1784 | D:2      | Reached skill level 1 in Polearms
  1784 | D:2      | Reached skill level 1 in Staves
  1784 | D:2      | Reached skill level 1 in Slings
  1784 | D:2      | Reached skill level 1 in Bows
  1784 | D:2      | Reached skill level 1 in Crossbows
  1784 | D:2      | Reached skill level 1 in Throwing
  1784 | D:2      | Reached skill level 1 in Armour
  1784 | D:2      | Reached skill level 1 in Shields
  1784 | D:2      | Reached skill level 1 in Unarmed Combat
  1784 | D:2      | Reached skill level 1 in Evocations
  2251 | D:3      | Reached XP level 4. HP: 32/32 MP: 11/11
  2391 | D:3      | Noticed Jessica
  2393 | D:3      | Killed Jessica
  2488 | D:3      | Reached skill level 1 in Conjurations
  2488 | D:3      | Reached skill level 1 in Hexes
  2488 | D:3      | Reached skill level 1 in Summonings
  2488 | D:3      | Reached skill level 1 in Necromancy
  2488 | D:3      | Reached skill level 1 in Translocations
  2488 | D:3      | Reached skill level 1 in Transmutations
  2488 | D:3      | Reached skill level 1 in Fire Magic
  2488 | D:3      | Reached skill level 1 in Air Magic
  2488 | D:3      | Reached skill level 1 in Earth Magic
  2488 | D:3      | Reached skill level 1 in Poison Magic
  2490 | D:3      | Killed from afar by a white imp

Illustrated notes

Levels and vault maps discovered:
D:1:      minmay_arrival_split_and_join, layout_basic,
          hellmonk_ecumenical_altar_run_dry, minmay_lizard_king
D:2:      layout_loops_corners, serial_shops, nicolae_square_shop,
          nicolae_shop_crystal, minmay_3d_cube
D:3:      layout_rooms, roderic_lattice_a, chequers_serial_rivers_small_b,
          nicolae_figureground_sparkle, uniq_jessica

Skill      XL: |  1  2  3  4 |
---------------+-------------+-----
Spellcasting   | 5 |  5.1
Invocations    | 1 |  1.3
Fighting       | 1 |  1.2
Short Blades   | 1 |  1.2
Long Blades    | 1 |  1.2
Axes           | 1 |  1.2
Maces & Flails | 1 |  1.2
Polearms       | 1 |  1.2
Staves         | 1 |  1.2
Slings         | 1 |  1.2
Bows           | 1 |  1.2
Crossbows      | 1 |  1.2
Throwing       | 1 |  1.2
Armour         | 1 |  1.2
Shields        | 1 |  1.2
Unarmed Combat | 1 |  1.2
Evocations     | 1 |  1.2
Conjurations   | 1 |  1.0
Hexes          | 1 |  1.0
Summonings     | 1 |  1.0
Necromancy     | 1 |  1.0
Translocations | 1 |  1.0
Transmutations | 1 |  1.0
Fire Magic     | 1 |  1.0
Air Magic      | 1 |  1.0
Earth Magic    | 1 |  1.0
Poison Magic   | 1 |  1.0
Dodging        | |  4.6
Stealth        | |  4.3
Ice Magic      | |  7.1

Action                   |  1- 3 |  4- 6 || total
-------------------------+-------+-------++-------
Melee: Staff             |    30 |       ||    30
       Bite              |     4 |       ||     4
       Punch             |     1 |       ||     1
 Fire: Hunting sling     |    43 |    13 ||    56
 Cast: Freeze            |    12 |     1 ||    13
       Frozen Ramparts   |     1 |     2 ||     3
       Ozocubu's Armour  |     1 |       ||     1
Armor: Robe              |     6 |       ||     6
Dodge: Dodged            |    27 |     3 ||    30

Table legend: (Time is in decaauts)
 A = Elapsed time spent in this place.
 B = Non-inter-level travel time spent in this place.
 C = Inter-level travel time spent in this place.
 D = Time resting spent in this place.
 E = Time spent auto-exploring this place.
 F = Levels seen in this place.
 G = Mean time per level.
                   A        B        C        D        E       F      G
               +--------+--------+--------+--------+--------+-----+--------+
         Total |   2513 |   2443 |     70 |      0 |   2205 |   3 |  837.7 |
       Dungeon |   2513 |   2443 |     70 |      0 |   2205 |   3 |  837.7 |
               +--------+--------+--------+--------+--------+-----+--------+

Top non-repeatable levels by time:
     D:1: 1264 daAuts
     D:2: 986 daAuts
     D:3: 262 daAuts
